 Dungeon Crawl Stone Soup version 0.25-a0-316-gd28d56f9c5 (webtiles) character file.

Game seed: 4350356007524111074, levelgen mode: deterministic

8 inmateoo the Sneak (level 2, -1/15 HPs)
             Began as a Vine Stalker Assassin on Dec 24, 2019.
             Slain by a leopard gecko (3 damage)
             ... on level 1 of the Dungeon.
             The game lasted 00:00:58 (184 turns).

inmateoo the Sneak (Vine Stalker Assassin)           Turns: 184, Time: 00:00:58

Health: -1/15      AC:  3    Str: 13    XL:     2   Next: 8%
Magic:  0/3        EV: 11    Int: 11    God:
Gold:   13         SH:  0    Dex: 18    Spells: 1/1 levels left

rFire    . . .     SeeInvis .   a - +2 dagger
rCold    . . .     Gourm    .   (no shield)
rNeg     . . .     Faith    .   b - +0 robe
rPois    .         Spirit   +   (no helmet)
rElec    .         Reflect  .   c - +0 cloak
rCorr    .         Harm     .   (no gloves)
MR       .....     Rnd*Tele +   (no boots)
Stlth    +++.......             (no amulet)
HPRegen  0.05/turn              g - ring of teleportation (curse)
MPRegen  0.08/turn              j - +3 ring of dexterity

@: no status effects
A: fangs 2, magic shield, antimagic bite, no potion heal 3, rot immunity
a: no special abilities


You were on level 1 of the Dungeon.
You were not hungry.

You visited 1 branch of the dungeon, and saw 1 of its levels.

You collected 13 gold pieces.

Inventory:

Hand Weapons
 a - a +2 dagger (weapon)
 l - a cursed -1 hunting sling
Missiles
 d - 8 poisoned darts (quivered)
 e - 2 curare-tipped darts
Armour
 b - a +0 robe (worn)
 c - a +0 cloak (worn)
Jewellery
 g - a cursed ring of teleportation (left hand)
 j - a +3 ring of dexterity (right hand)
Scrolls
 k - a scroll of amnesia {unknown}
Potions
 h - a potion of magic {unknown}
 i - a potion of degeneration {unknown}
Comestibles
 f - 2 rations


   Skills:
 + Level 2.1 Fighting
 - Level 1.7 Short Blades
 - Level 1.7 Throwing
 - Level 0.7 Dodging
 + Level 5.2 Stealth


You had one spell level left.
You didn't know any spells.
Your spell library was empty.

Dungeon Overview and Level Annotations

Branches:
Dungeon (1/15)

Altars:


Innate Abilities, Weirdness & Mutations

You have extremely sharp teeth.
When hurt, damage is shared between your health and your magic reserves.
Your bite disrupts and absorbs the magic of your enemies.
Potions cannot restore your health.
You are immune to rotting.


Message History

You hit the leopard gecko.
You kill the leopard gecko!
You have reached level 2!
You hit the leopard gecko.
The leopard gecko is heavily wounded.
The leopard gecko bites you but does no damage.
You hit the leopard gecko but do no damage.
The leopard gecko is heavily wounded.
The leopard gecko barely misses you.
You barely miss the leopard gecko.
The leopard gecko is heavily wounded.
The leopard gecko bites you.
* * * LOW HITPOINT WARNING * * *
You closely miss the leopard gecko.
The leopard gecko is heavily wounded.
The leopard gecko barely misses you.
You completely miss the leopard gecko.
The leopard gecko is heavily wounded.
The leopard gecko bites you.
You die...

.#
#.........#
.#
#.....#####
. ####.##
#.# #.#
##.# #..#
#.## #@# #
#l# #.#?#
#...#######
#.?.......#
#.........#
#...!.....#
##........#
#..........


You could see a leopard gecko.

Vanquished Creatures
  A dart slug (D:1)
  A leopard gecko (D:1)
  A kobold (D:1)
  3 bats (D:1)
6 creatures vanquished.

Notes
Turn   | Place    | Note
-------+----------+-------------------------------------------
     0 | D:1      | inmateoo the Vine Stalker Assassin began the quest for the
                  | Orb.
     0 | D:1      | Reached XP level 1. HP: 11/11 MP: 2/2
    93 | D:1      | Reached skill level 5 in Stealth
   179 | D:1      | Reached XP level 2. HP: 3/15 MP: 1/3
   184 | D:1      | Slain by a leopard gecko

Levels and vault maps discovered:
D:1:      psy_arrival_statuary, layout_rooms, nrook_uturn,
          hangedman_decor_lopped, minmay_pentomino_t2

Skill      XL: |  1 |
---------------+----+-----
Stealth        | 5 |  5.2
Fighting       | 2 |  2.1
Short Blades   | |  1.7
Throwing       | |  1.7
Dodging        | |  0.7

Action                   || total
-------------------------++-------
Melee: Dagger            ||    22
       Bite              ||     5
 Stab: Sleeping          ||     2
Armor: Robe              ||    11
Dodge: Dodged            ||    15

Table legend:
 A = Non-vault XP
 B = Vault XP
 C = Vault XP percentage of total XP
 D = Non-vault monster count
 E = Vault monster count
 F = Vault count percentage of total count
                 A         B        C        D         E       F
            +---------+---------+-------+---------+---------+-------
      Total |       9 |       3 |  25.0 |       4 |       2 |  33.3
            +---------+---------+-------+---------+---------+-------
        D:1 |       9 |       3 |  25.0 |       4 |       2 |  33.3
            +---------+---------+-------+---------+---------+-------
